 Dungeon Crawl Stone Soup version 0.27-a0-1149-g4505690ab0 (webtiles) character file.

Game seed: 11760857263740672668

45 pokeman the Magician (level 3, -2/20 HPs)
             Began as a Deep Elf Hedge Wizard on May 12, 2021.
             Slain by a water moccasin (8 damage)
             ... on level 2 of the Dungeon.
             The game lasted 00:02:17 (1553 turns).

pokeman the Magician (Deep Elf Hedge Wizard)        Turns: 1553, Time: 00:02:18

Health: -2/20      AC:  2    Str:  7    XL:     3   Next: 42%
Magic:  1/11       EV: 12    Int: 19    God:
Gold:   62         SH:  0    Dex: 14    Spells: 1/12 levels left

rFire    . . .     SeeInvis .   g - +0 dagger (venom)
rCold    . . .     Faith    .   (no shield)
rNeg     . . .     Spirit   .   b - +0 robe
rPois    .         Reflect  .   c - +0 hat
rElec    .         Harm     .   (no cloak)
rCorr    .         Rampage  .   (no gloves)
Will     .....                  (no boots)
Stlth    ++........             (no amulet)
HPRegen  0.06/turn              (no ring)
MPRegen  0.12/turn              (no ring)

@: very slightly contaminated
A: no striking features
a: no special abilities


You were on level 2 of the Dungeon.
You visited 1 branch of the dungeon, and saw 2 of its levels.

You collected 62 gold pieces.

Inventory:

Hand Weapons
 g - a +0 dagger of venom (weapon)
Missiles
 f - 23 arrows
 h - 17 bolts
Armour
 b - a +0 robe (worn)
 c - a +0 hat (worn)
Scrolls
 a - a scroll of fear {unknown}
 e - 2 scrolls of identify {unknown}
Potions
 d - 2 potions of brilliance {unknown}
 i - a potion of curing {unknown}


   Skills:
 + Level 0.9 Fighting
 - Level 1.0 Armour
 + Level 2.4 Dodging
 - Level 2.4 Stealth
 * Level 5.2 Spellcasting
 + Level 1.8 Conjurations
 - Level 1.1 Summonings
 - Level 1.1 Translocations


You had one spell level left.
You knew the following spells:

 Your Spells              Type           Power      Damage    Failure   Level
a - Magic Dart            Conj           48%        1d5       5%          1
b - Mephitic Cloud        Conj/Pois/Air  7%         N/A       28%         3
c - Call Imp              Summ           9%         N/A       12%         2
d - Blink                 Tloc           N/A        N/A       12%         2
e - Conjure Flame         Conj/Fire      8%         6-21      26%         3

Your spell library contained the following spells:

 Spells                   Type           Power      Damage    Failure   Level
 Slow                     Hex            4%         N/A       19%         2


Dungeon Overview and Level Annotations

Branches:
Dungeon (2/15)

Altars:
Xom


Message History

Orders for allies: a - Attack new target. r - Retreat! s - Stop attacking. g - Guard the area. f - Follow me.
Anything else - Cancel.
You shout for attention!
You hear an angry hiss.
You hear a bark! x2
There is a stone staircase leading down here.
Casting: Magic Dart (safe; 5% risk of failure)
Confirm with . or Enter, or press ? or * to list all spells.
A beastly little devil appears in a puff of flame.
Casting: Call Imp (safe; 12% risk of failure)
Confirm with . or Enter, or press ? or * to list all spells.
You miscast Call Imp.
You are very lightly contaminated with residual magic.
Nothing appears to happen.
The water moccasin bites you!
Casting: Call Imp (safe; 12% risk of failure)
Confirm with . or Enter, or press ? or * to list all spells.
You miscast Call Imp.
Nothing appears to happen.
The water moccasin closely misses you.
Unknown command.
Casting: Call Imp (safe; 12% risk of failure)
Confirm with . or Enter, or press ? or * to list all spells.
A shadowy apparition takes form in the air.
The water moccasin misses you.
Unknown command.
Casting: Call Imp (safe; 12% risk of failure)
Confirm with . or Enter, or press ? or * to list all spells.
A beastly little devil appears in a puff of flame.
The water moccasin barely misses you.
Your crimson imp barely misses the water moccasin.
The water moccasin closely misses you.
Unknown command.
Casting: Call Imp (safe; 12% risk of failure)
Confirm with . or Enter, or press ? or * to list all spells.
You don't have enough magic to cast this spell.
Your crimson imp blinks!
You swap places.
The water moccasin bites you.
* * * LOW HITPOINT WARNING * * *
Your shadow imp closely misses the water moccasin.
The water moccasin bites you!
You die...

######## #......#
#......# #..†...#
#......# #......#
###########..
#......######.<...#.....#
#.......5S.§..>..........
#......#@.5..............
#......###...............
#......# ##..............
######## #..†...........
#..............
#..............
##.......<.)...
##.....#.....#
#############


You could see a water moccasin (ally target), a friendly crimson imp (summoned)
and a friendly shadow imp (summoned).

Vanquished Creatures
  An adder (D:2)
  5 bats (D:1)
  4 endoplasms (D:1)
  A giant cockroach (D:1)
  5 goblins
  2 hobgoblins
  3 jackals
  4 kobolds (D:1)
  4 ball pythons (D:1)
  4 frilled lizards (D:1)
33 creatures vanquished.

Notes
Turn   | Place    | Note
-------+----------+-------------------------------------------
     0 | D:1      | pokeman the Deep Elf Hedge Wizard began the quest for the
                  | Orb.
     0 | D:1      | Reached XP level 1. HP: 10/10 MP: 7/7
     7 | D:1      | Found a shimmering altar of Xom.
   422 | D:1      | Reached XP level 2. HP: 16/16 MP: 5/9
   875 | D:1      | Reached skill level 5 in Spellcasting
  1028 | D:1      | Reached XP level 3. HP: 20/20 MP: 11/11
  1032 | D:1      | Learned a level 3 spell: Mephitic Cloud
  1035 | D:1      | Learned a level 2 spell: Call Imp
  1038 | D:1      | Learned a level 2 spell: Blink
  1042 | D:1      | Learned a level 3 spell: Conjure Flame
  1446 | D:2      | Reached skill level 1 in Armour
  1536 | D:2      | Noticed a water moccasin
  1553 | D:2      | Slain by a water moccasin

Illustrated notes

Levels and vault maps discovered:
D:1:      dpeg_arrival_lava_altar, layout_basic
D:2:      layout_rooms, dk_noncrumbling_3

Skill      XL: |  1  2  3 |
---------------+----------+-----
Spellcasting   | 5 |  5.2
Armour         | 1 |  1.0
Fighting       | |  0.9
Dodging        | |  2.4
Stealth        | |  2.4
Conjurations   | |  1.8
Summonings     | |  1.1
Translocations | |  1.1

Action                   || total
-------------------------++-------
Melee: Dagger            ||     7
 Cast: Magic Dart        ||    73
       Call Imp          ||     3
 Stab: Sleeping          ||     1
Armor: Robe              ||     3
Dodge: Dodged            ||    13

Table legend: (Time is in decaauts)
 A = Elapsed time spent in this place.
 B = Non-inter-level travel time spent in this place.
 C = Inter-level travel time spent in this place.
 D = Time resting spent in this place.
 E = Time spent auto-exploring this place.
 F = Levels seen in this place.
 G = Mean time per level.
                   A        B        C        D        E       F      G
               +--------+--------+--------+--------+--------+-----+--------+
         Total |   1552 |   1544 |      8 |     64 |   1304 |   2 |  776.0 |
       Dungeon |   1552 |   1544 |      8 |     64 |   1304 |   2 |  776.0 |
               +--------+--------+--------+--------+--------+-----+--------+

Top non-repeatable levels by time:
     D:1: 1376 daAuts
     D:2: 175 daAuts
